 Dungeon Crawl Stone Soup version 0.30-a0-776-g08fbeb92c1 (webtiles) character file.

Game seed: 13089088726364852995

4342 DEFE the Cruncher (level 10, -5/65 HPs)
             Began as a Demonspawn Wanderer on Feb 13, 2023.
             Was an Initiate of Sif Muna.
             Slain by a komodo dragon (19 damage)
             ... on level 7 of the Dungeon.
             The game lasted 00:12:11 (10179 turns).

DEFE the Cruncher (Demonspawn Wanderer)            Turns: 10179, Time: 00:12:12

Health: -5/65      AC:  9    Str: 16    XL:     10   Next: 12%
Magic:  0/15       EV: 11    Int: 13    God:    Sif Muna [......]
Gold:   33         SH:  0    Dex: 14    Spells: 10/11 levels left

rFire   . . .      SeeInvis .    a - +2 quarterstaff
rCold   + . .      Faith    .    (shield currently unavailable)
rNeg    . . .      Spirit   +    f - +2 leather armour {rC+}
rPois   .          Reflect  .    (no helmet)
rElec   .          Harm     .    b - +0 cloak
rCorr   .          Rampage  .    u - +0 pair of gloves
Will    .....                    d - +1 pair of boots
Stlth   +                        (no amulet)
HPRegen 0.30/turn                (no ring)
MPRegen 0.28/turn                (no ring)

@: no status effects
A: demonic guardian 2, magic shield, magic regeneration, weakness stinger 2
a: Renounce Religion


You were on level 7 of the Dungeon.
You worshipped Sif Muna.
Sif Muna was noncommittal.
You visited 2 branches of the dungeon, and saw 9 of its levels.

You collected 318 gold pieces.
You spent 285 gold pieces at shops.

Inventory:

Hand Weapons
 a - a +2 quarterstaff (weapon)
 x - a +3 spear
 y - a +0 spear of venom
 E - a +1 short sword of speed
Armour
 b - a +0 cloak (worn)
 d - a +1 pair of boots (worn)
 f - a +2 leather armour of cold resistance (worn)
 u - a +0 pair of gloves (worn)
Wands
 v - a wand of digging (4)
Scrolls
 c - a scroll of fog
 e - a scroll of silence
 g - 2 scrolls of torment
 h - 2 scrolls of teleportation
 i - 3 scrolls of poison
 j - 2 scrolls of immolation
 o - 2 scrolls of noise
 p - 2 scrolls of blinking
 s - 4 scrolls of enchant armour {unknown}
 t - 2 scrolls of fear {unknown}
 w - 2 scrolls of vulnerability
 A - a scroll of amnesia {unknown}
 C - 3 scrolls of enchant weapon
 H - 2 scrolls of magic mapping
Potions
 l - a potion of berserk rage {unknown}
 m - a potion of lignification {unknown}
 n - 3 potions of curing
 q - a potion of cancellation {unknown}
 r - a potion of resistance {unknown}
 z - a potion of ambrosia {unknown}
 B - 6 potions of heal wounds
 D - a potion of attraction {unknown}
 F - a potion of brilliance {unknown}


   Skills:
 + Level 1.2 Fighting
 - Level 12.7 Staves
 + Level 2.9 Armour
 - Level 1.0 Stealth
 - Level 1.0 Spellcasting
 - Level 1.1 Necromancy
 + Level 6.6 Invocations
 - Level 1.0 Evocations


You had 10 spell levels left.
You knew the following spells:

 Your Spells              Type           Power      Damage    Failure   Level
a - Necrotise             Necr           12%        1d4       22%         1

Your spell library contained the following spells:

 Spells                   Type           Power      Damage    Failure   Level
 Blink                    Tloc           0%         N/A       45%         2
 Lesser Beckoning         Tloc           0%         N/A       45%         2
 Momentum Strike          Conj/Tloc      0%         3d8       45%         2
 Vampiric Draining        Necr           3%         2d6       54%         3
 Portal Projectile        Hex/Tloc       0%         N/A       69%         3
 Tukima's Dance           Hex            0%         N/A       69%         3
 Blade Hands              Tmut           0%         N/A       100%        5


Dungeon Overview and Level Annotations

Branches:
Dungeon (8/15)             Temple (1/1) D:7
   Lair: D:8-11

Altars:
Cheibriados
Dithmenos
Gozag
Kikubaaqudgha
Okawaru
Ru
Sif Muna
Trog
Uskayaw
Wu Jian
Xom
Yredelemnul

Shops:
D:7 *?

Annotations:
D:3 1 runed translucent door, Crazy Yiuf
D:4 Edmund
D:7 3 runed translucent doors, zamzamzam's ghost, novice HuFi


Innate Abilities, Weirdness & Mutations

A demonic guardian rushes to your aid.
When hurt, damage is shared between your health and your magic reserves.
You regenerate magic rapidly.
You have a tail ending in a sharp stinger.


Message History

MP restored: 15 You start resting.
Health restored: 65 You climb downwards.
The komodo dragon hisses angrily.
There is a stone staircase leading up, spattered with blood here.
Unknown command.
The komodo dragon closely misses you.
You climb upwards.
Level annotation: 3 runed translucent doors, zamzamzam's ghost, novice HuFi
There is a stone staircase leading down here.
You barely miss the komodo dragon. You barely miss the komodo dragon.
The komodo dragon bites you!
You take 13 damage, and have 52/65 hp.
You now have 12/15 mp.
You hit the komodo dragon. The komodo dragon bites you!!
You take 18 damage, and have 34/65 hp.
MASSIVE DAMAGE!!
You now have 8/15 mp.
You hit the komodo dragon. The komodo dragon closely misses you.
Unknown command.
You sock the komodo dragon!
Unknown command.
You hit the komodo dragon but do no damage.
The komodo dragon bites you!!
* * * LOW HITPOINT WARNING * * *
A demonic guardian appears!
You take 21 damage, and have 14/65 hp.
MASSIVE DAMAGE!!
You now have 3/15 mp.
Really read the scroll of immolation?
Okay, then.
As you read the scroll of butterflies, it crumbles to dust.
You hear the flapping of tiny wings.
Your ice devil is knocked back by the sudden gust.
The komodo dragon is knocked back by the sudden gust.
You swap places.
Unknown command.
The komodo dragon attacks as you move away!
The komodo dragon bites you!!
You die...

..####............###)#.##^#
#... ..........)##.##)##
#...#### #...
##.....###.....#.# ###.# ####
##....#...###...# #[#
##.......)..##b.b## #.#
...........b.bbb..## #.#
............bbb4bbb## #.#
#...........b.b.bbb.###.#
##..........#..b@lbbb##.#####
##...<.......####b#b#......#
#.#########.## #bbb.....).#
#.# #..####...b[....# ###.#
##.....b.b......# #...#
########.......#### ..###
#...<[.....# .## ##########.#
## ###


You could see a komodo dragon (ally target) and a friendly ice devil (summoned).

Vanquished Creatures
  A two-headed ogre (D:7)
  Grinder (D:5)
  Prince Ribbit (D:7)
  Sigmund (D:5)
  Menkaure (D:4)
  2 water moccasins
  Duvessa (D:7)
  4 ice beasts
  A sky beast (D:6)
  3 ogres
  A centaur (D:7)
  A gnoll sergeant (D:6)
  Blork the orc (D:4)
  2 bullfrogs (D:7)
  2 necrophages
  4 scorpions
  Dowan (D:7)
  6 killer bees
  3 orc priests
  A hound (D:4)
  2 jellies
  Natasha (twice) (D:2)
  5 iguanas
  3 orc wizards
  16 gnolls
  6 adders
  A shadow imp (D:7)
  A white imp (D:7)
  An ufetubus (D:5)
  2 worms
  A dart slug (D:1)
  11 orcs
  6 ball pythons
  9 endoplasms
  3 giant cockroaches
  7 goblins
  6 hobgoblins
  6 jackals
  2 quokkas
  4 bats
  2 frilled lizards
  6 kobolds
  6 rats
146 creatures vanquished.

Vanquished Creatures (collateral kills)
  A steam dragon (D:6)
  An ogre (D:6)
  An orc priest (D:5)
  An orc wizard (D:5)
  4 gnolls
  An ufetubus (D:6)
  2 orcs (D:5)
11 creatures vanquished.

Grand Total: 157 creatures vanquished

Notes
Turn   | Place    | Note
-------+----------+-------------------------------------------
     0 | D:1      | DEFE the Demonspawn Wanderer began the quest for the Orb.
     0 | D:1      | DEFE set off with the following items: a +2 quarterstaff, a
                  | +0 cloak, a scroll of fog, a +0 robe; and the following
                  | spell memorised: Necrotise; and the following spells
                  | available to memorise: Vampiric Draining.
     0 | D:1      | Reached XP level 1. HP: 13/13 MP: 2/2
   104 | D:1      | Reached skill level 3 in Staves
   171 | D:1      | Gained mutation: You have a small tail. [demonic ancestry]
   171 | D:1      | Reached XP level 2. HP: 19/19 MP: 3/3
   721 | D:2      | Gained mutation: A weak demonic guardian rushes to your
                  | aid. [demonic ancestry]
   721 | D:2      | Reached XP level 3. HP: 23/24 MP: 4/4
   819 | D:2      | Noticed Natasha
   829 | D:2      | Killed Natasha
   830 | D:2      | Reached skill level 4 in Staves
   977 | D:2      | Noticed Natasha
   988 | D:2      | Killed Natasha
   989 | D:2      | Reached XP level 4. HP: 28/30 MP: 5/5
  1348 | D:3      | Noticed an ogre
  1435 | D:3      | Found a runed translucent door.
  1436 | D:3      | Noticed Crazy Yiuf
  1516 | D:3      | Killed an ogre
  1517 | D:3      | Reached skill level 5 in Staves
  1517 | D:3      | Gained mutation: You have a tail ending in a sharp stinger.
                  | [demonic ancestry]
  1517 | D:3      | Reached XP level 5. HP: 35/35 MP: 2/6
  2104 | D:3      | Found a bloodstained altar of Trog.
  2528 | D:4      | Noticed Edmund
  2586 | D:4      | Reached skill level 6 in Staves
  2586 | D:4      | Gained mutation: You regenerate magic rapidly. [demonic
                  | ancestry]
  2586 | D:4      | Reached XP level 6. HP: 41/41 MP: 7/7
  2899 | D:4      | HP: 2/41 [iguana (6)]
  3230 | D:4      | Noticed Blork the orc
  3243 | D:4      | Killed Blork the orc
  3244 | D:4      | Reached skill level 7 in Staves
  3594 | D:4      | Gained mutation: A demonic guardian rushes to your aid.
                  | [demonic ancestry]
  3594 | D:4      | Reached XP level 7. HP: 36/46 MP: 8/8
  3782 | D:4      | Noticed Menkaure
  4090 | D:4      | Killed Menkaure
  4282 | D:4      | Noticed an angel
  4375 | D:5      | Entered Level 5 of the Dungeon
  4463 | D:5      | Reached skill level 8 in Staves
  5212 | D:5      | Noticed Sigmund
  5224 | D:5      | Killed Sigmund
  5225 | D:5      | Reached skill level 9 in Staves
  5225 | D:5      | Reached XP level 8. HP: 52/52 MP: 9/9
  5505 | D:5      | Noticed Grinder
  5529 | D:5      | Paralysed by Grinder for 3 turns
  5534 | D:5      | Killed Grinder
  5708 | D:5      | Reached skill level 10 in Staves
  6090 | D:6      | Reached skill level 11 in Staves
  6171 | D:6      | Found an ancient bone altar of Kikubaaqudgha.
  6193 | D:6      | Reached XP level 9. HP: 24/57 MP: 10/10
  7068 | D:6      | Found a shadowy altar of Dithmenos.
  7546 | D:7      | Found a staircase to the Ecumenical Temple.
  7556 | Temple   | Entered the Ecumenical Temple
  7627 | Temple   | Became a worshipper of Sif Muna the Loreminder
  7777 | D:7      | Noticed a white ugly thing
  7778 | D:7      | Noticed zamzamzam's ghost (novice HuFi)
  7779 | D:7      | Found a runed translucent gate.
  7783 | D:7      | Found a runed translucent gate.
  7783 | D:7      | Found a runed translucent gate.
  7799 | D:7      | Found Vostraw's Magic Scroll Emporium.
  7806 | D:7      | Bought a scroll of magic mapping for 97 gold pieces
  7806 | D:7      | Bought a scroll of identify for 26 gold pieces
  7806 | D:7      | Bought a scroll of noise for 13 gold pieces
  7806 | D:7      | Bought a scroll of enchant weapon for 97 gold pieces
  7806 | D:7      | Bought a scroll of identify for 26 gold pieces
  7806 | D:7      | Bought a scroll of identify for 26 gold pieces
  8120 | D:6      | Reached skill level 12 in Staves
  8120 | D:6      | Reached skill level 1 in Invocations
  8303 | D:7      | Noticed Prince Ribbit
  8323 | D:7      | Killed Prince Ribbit
  8860 | D:7      | Found Jucew's General Store.
  8932 | D:7      | Noticed Duvessa
  8936 | D:7      | Noticed Dowan
  9112 | D:7      | Killed Duvessa
  9113 | D:7      | Reached skill level 5 in Invocations
  9211 | D:7      | Killed Dowan
  9510 | D:7      | Noticed a two-headed ogre
  9564 | D:7      | Killed a two-headed ogre
  9565 | D:7      | Gained mutation: When hurt, damage is shared between your
                  | health and your magic reserves. [demonic ancestry]
  9565 | D:7      | Reached XP level 10. HP: 50/63 MP: 12/14
  9782 | D:8      | Found a snail-covered altar of Cheibriados.
  9850 | D:8      | Noticed a gargoyle
  9876 | D:7      | Reached skill level 1 in Fighting
 10179 | D:7      | Slain by a komodo dragon

Illustrated notes

Levels and vault maps discovered:
D:1:      dpeg_arrival_erosion, layout_rooms, amcnicky_mini_pool_small,
          kennysheep_flooded_box, serial_bayou_lagoon_b
D:2:      layout_loops_ring, uniq_natasha
D:3:      layout_loops_corners, trog_three_pillars_becter,
          minmay_tree_intersection, uniq_crazy_yiuf_cottage
D:4:      layout_loops_corners, zin_angel, uniq_menkaure, uniq_edmund,
          uniq_blork_the_orc
D:5:      layout_basic, serial_bayou_crossing, uniq_sigmund, uniq_grinder
D:6:      layout_basic, kennysheep_little_box, kiku_gazebo_pond_becter
D:7:      layout_rooms, minmay_temple_entry_slanted, gammafunk_ghost_split,
          serial_shops, shop, nicolae_lakefront_shop, uniq_prince_ribbit1,
          uniq_duvessa
D:8:      layout_cave_pools, serial_shops, nicolae_shop_trees, shop, shop,
          serial_park, serial_park_tiny_2, serial_park_square3
          [serial_park_minivault_5x5_4], serial_park_square3
          [serial_park_minivault_5x5_8], gammafunk_ghost_arena, st_stairs_8
Temple:   regret_index_temple_waves

Skill      XL: |  1  2  3  4  5  6  7  8  9 10 |
---------------+-------------------------------+-----
Staves         | 3 4 5 6 7 9 11 12 | 12.7
Invocations    | 6 |  6.6
Fighting       | 1 |  1.2
Armour         | |  2.9
Stealth        | |  1.0
Spellcasting   | |  1.0
Necromancy     | |  1.1
Evocations     | |  1.0

Action                     |  1- 3 |  4- 6 |  7- 9 | 10-12 || total
---------------------------+-------+-------+-------+-------++-------
  Melee: Quarterstaff      |    70 |   162 |   351 |    41 ||   624
         Tailslap          |     8 |    17 |    57 |     2 ||    84
         Spear             |       |       |     5 |       ||     5
   Cast: Necrotise         |       |     2 |       |       ||     2
  Evoke: Wand              |       |       |    10 |       ||    10
    Use: Scroll            |     2 |     3 |     6 |     1 ||    12
         Potion            |     2 |       |     5 |       ||     7
   Stab: Sleeping          |     2 |     3 |       |       ||     5
         Distracted        |       |     1 |       |       ||     1
         Paralysed         |       |       |     4 |       ||     4
 Armour: Leather armour    |    34 |    57 |   130 |    17 ||   238
  Dodge: Dodged            |    33 |    84 |   170 |    21 ||   308

Table legend: (Time is in decaauts)
 A = Elapsed time spent in this place.
 B = Non-inter-level travel time spent in this place.
 C = Inter-level travel time spent in this place.
 D = Time resting spent in this place.
 E = Time spent auto-exploring this place.
 F = Levels seen in this place.
 G = Mean time per level.
                   A        B        C        D        E       F      G
               +--------+--------+--------+--------+--------+-----+--------+
         Total |  10135 |   9743 |    392 |   3829 |   4352 |   9 | 1126.1 |
       Dungeon |  10047 |   9680 |    367 |   3829 |   4304 |   8 | 1255.9 |
        Temple |     88 |     63 |     25 |      0 |     48 |   1 |   88.0 |
               +--------+--------+--------+--------+--------+-----+--------+

Top non-repeatable levels by time:
     D:6: 2184 daAuts
     D:4: 2027 daAuts
     D:7: 1733 daAuts
     D:5: 1478 daAuts
     D:3: 1289 daAuts
     D:2: 684 daAuts
     D:1: 634 daAuts
  Temple: 88 daAuts
     D:8: 14 daAuts
